 Dungeon Crawl Stone Soup version 0.30-a0-371-gad7725a93e (webtiles) character file.

Game seed: 11984096714474768227

162 purpskrrrp the Sneak (level 5, -4/36 HPs)
             Began as an Octopode Brigand on Nov 23, 2022.
             Was a Follower of Uskayaw.
             Slain by an orc
             ... wielding a +0 morningstar
              (13 damage)
             ... on level 3 of the Dungeon.
             The game lasted 00:03:00 (1837 turns).

purpskrrrp the Sneak (Octopode Brigand)             Turns: 1837, Time: 00:03:01

Health: -4/36      AC:  1    Str: 11    XL:     5   Next: 43%
Magic:  5/5        EV: 13    Int: 13    God:    Uskayaw [*.....]
Gold:   60         SH:  0    Dex: 15    Spells: 4/4 levels left

rFire   . . .      SeeInvis .    a - +2 dagger
rCold   . . .      Faith    .    (no shield)
rNeg    . . .      Spirit   .    (helmet restricted)
rPois   .          Reflect  .    (no amulet)
rElec   .          Harm     .    (no ring)
rCorr   .          Rampage  .    (no ring)
Will    .....                    (no ring)
Stlth   ++++......               (no ring)
HPRegen 0.26/turn                (no ring)
MPRegen 0.09/turn                (no ring)
                                 (no ring)
                                 (no ring)

@: no status effects
A: almost no armour, amphibious, 8 rings, camouflage 1, gelatinous body 1,
(nimble swimmer 1), tentacles
a: Renounce Religion, Stomp


You were on level 3 of the Dungeon.
You worshipped Uskayaw.
Uskayaw was noncommittal.
You visited 1 branch of the dungeon, and saw 3 of its levels.

You collected 60 gold pieces.

Inventory:

Hand Weapons
 a - a +2 dagger (weapon)
Missiles
 b - 10 poisoned darts
 c - 3 curare-tipped darts
Wands
 o - a wand of digging (3)
Scrolls
 d - a scroll of noise {unknown}
 e - 4 scrolls of identify {unknown}
 g - 2 scrolls of amnesia {unknown}
 i - a scroll of fog {unknown}
 j - 3 scrolls of enchant weapon {unknown}
 k - a scroll of brand weapon {unknown}
 l - a scroll of teleportation {unknown}
 q - a scroll of enchant armour {unknown}
Potions
 f - a potion of berserk rage {unknown}
 h - a potion of cancellation {unknown}
 m - a potion of mutation {unknown}
 n - a potion of might {unknown}
 p - a potion of invisibility {unknown}


   Skills:
 + Level 2.8 Fighting
 + Level 2.8 Short Blades
 - Level 2.0 Throwing
 + Level 2.0 Dodging
 * Level 6.8 Stealth
 + Level 1.8 Unarmed Combat


You had 4 spell levels left.
You didn't know any spells.
Your spell library contained the following spells:

 Spells                   Type           Power      Damage    Failure   Level
 Passage of Golubria      Tloc           0%         N/A       97%         4
 Silence                  Hex/Air        0%         N/A       100%        5
 Lehudib's Crystal Spear  Conj/Erth      0%         10d2      100%        8


Dungeon Overview and Level Annotations

Branches:
Dungeon (3/15)

Altars:
Uskayaw


Innate Abilities, Weirdness & Mutations

You cannot wear most types of armour.
You are amphibious.
You can wear up to eight rings at the same time.
Your skin changes colour to match your surroundings (Stealth+).
Your rubbery body absorbs attacks. (AC +1, EV +1)
((You are camouflaged when in or above water. (Stealth+)))
You have tentacles for arms and can constrict up to eight enemies at once.


Message History

You hit the orc but do no damage. Your grab misses the orc.
The orc hits you with a +0 morningstar!
You are too injured to fight recklessly!
You are too injured to fight recklessly!
You are too injured to fight recklessly!
You are too injured to fight recklessly!
You are too injured to fight recklessly!
You are too injured to fight recklessly!
You are too injured to fight recklessly!
You are too injured to fight recklessly!
You are too injured to fight recklessly!
You are too injured to fight recklessly!
You are too injured to fight recklessly!
You are too injured to fight recklessly!
You are too injured to fight recklessly!
You are too injured to fight recklessly!
You are too injured to fight recklessly!
You are too injured to fight recklessly!
You are too injured to fight recklessly!
You are too injured to fight recklessly!
You are too injured to fight recklessly!
You are too injured to fight recklessly!
You are too injured to fight recklessly!
You hit the orc but do no damage. Your grab misses the orc.
You barely miss the orc. Your grab misses the orc. The orc misses you.
You hit the orc but do no damage. Your grab misses the orc.
The orc closely misses you.
You hit the orc. Your grab misses the orc.
The orc is lightly wounded.
The orc barely misses you.
You hit the orc. Your grab misses the orc.
The orc is severely wounded.
The orc hits you with a +0 morningstar.
* * * LOW HITPOINT WARNING * * *
You closely miss the orc. You grab the orc.
You squeeze the orc, but do no damage.
The orc is severely wounded.
You constrict the orc, but do no damage.
The orc hits you with a +0 morningstar!
You die... ###################.# ................@oo.# #####################

You could see 2 orcs.

Vanquished Creatures
  Jessica (D:2)
  Ijyb (D:3)
  4 adders (D:2)
  2 worms (D:2)
  3 dart slugs
  3 orcs (D:3)
  5 endoplasms
  3 giant cockroaches (D:2)
  6 goblins
  5 hobgoblins
  A jackal (D:1)
  4 quokkas
  7 ball pythons
  3 bats (D:2)
  4 frilled lizards
  5 kobolds
  6 rats
63 creatures vanquished.

Notes
Turn   | Place    | Note
-------+----------+-------------------------------------------
     0 | D:1      | purpskrrrp the Octopode Brigand began the quest for the
                  | Orb.
     0 | D:1      | Reached XP level 1. HP: 14/14 MP: 1/1
   172 | D:1      | Found a faded altar of an unknown god.
   253 | D:1      | Reached XP level 2. HP: 19/19 MP: 2/2
   765 | D:1      | Prayed at the altar of an unknown god.
   765 | D:1      | Became a worshipper of Uskayaw the Reveller
   765 | D:1      | Reached * piety under Uskayaw
   821 | D:2      | Noticed Jessica
   824 | D:2      | Reached XP level 3. HP: 23/24 MP: 3/3
   825 | D:2      | Reached ** piety under Uskayaw
   830 | D:2      | Reached skill level 1 in Unarmed Combat
   833 | D:2      | Killed Jessica
   833 | D:2      | Reached *** piety under Uskayaw
   834 | D:2      | Reached skill level 6 in Stealth
   834 | D:2      | Reached XP level 4. HP: 30/30 MP: 4/4
  1378 | D:2      | Reached XP level 5. HP: 27/35 MP: 5/5
  1711 | D:3      | Noticed Ijyb
  1728 | D:3      | Killed Ijyb
  1837 | D:3      | Slain by an orc

Illustrated notes

Levels and vault maps discovered:
D:1:      dpeg_arrival_brainrot, layout_basic, shapermc_ecumenical_altar_ellora,
          chequers_serial_rivers_large_a
D:2:      layout_loops_cross, minmay_misc_feat_room, st_stairs_11,
          minmay_heptomino_l4, uniq_jessica
D:3:      layout_basic, minmay_quadrilaterals, uniq_ijyb

Skill      XL: |  1  2  3  4  5 |
---------------+----------------+-----
Unarmed Combat | 1 |  1.8
Stealth        | 6 |  6.8
Dodging        | 2 |  2.0
Fighting       | |  2.8
Short Blades   | |  2.8
Throwing       | |  2.0

Action                   |  1- 3 |  4- 6 || total
-------------------------+-------+-------++-------
Melee: Dagger            |    34 |    95 ||   129
       Constrict         |     7 |    21 ||    28
       Tentacles         |     5 |    19 ||    24
       Punch             |     1 |     1 ||     2
Throw: Dart              |     3 |       ||     3
 Stab: Sleeping          |     7 |    12 ||    19
Armor: Skin              |       |     4 ||     4
Dodge: Dodged            |    10 |    37 ||    47

Table legend: (Time is in decaauts)
 A = Elapsed time spent in this place.
 B = Non-inter-level travel time spent in this place.
 C = Inter-level travel time spent in this place.
 D = Time resting spent in this place.
 E = Time spent auto-exploring this place.
 F = Levels seen in this place.
 G = Mean time per level.
                   A        B        C        D        E       F      G
               +--------+--------+--------+--------+--------+-----+--------+
         Total |   1820 |   1734 |     86 |      0 |   1367 |   3 |  606.7 |
       Dungeon |   1820 |   1734 |     86 |      0 |   1367 |   3 |  606.7 |
               +--------+--------+--------+--------+--------+-----+--------+

Top non-repeatable levels by time:
     D:2: 814 daAuts
     D:1: 784 daAuts
     D:3: 221 daAuts
